 Dungeon Crawl Stone Soup version 0.32-a0-468-g38b2580584 (webtiles) character file.

Game seed: 16437177846493789982

1 shadowstone the Trooper (level 1, 0/18 HPs)
             Began as a Demonspawn Wanderer on Feb 24, 2024.
             Slain by a jackal (1 damage)
             ... on level 1 of the Dungeon.
             The game lasted 00:00:27 (39 turns).

shadowstone the Trooper (Demonspawn Wanderer)         Turns: 39, Time: 00:00:28

Health: 0/18       AC:  3    Str: 14    XL:     1   Next: 16%
Magic:  3/3        EV: 11    Int: 10    God:
Gold:   0          SH:  0    Dex: 12    Spells: 4/4 levels left

rFire   . . .        a - +1 falchion
rCold   . . .        (no shield)
rNeg    . . .        c - +0 leather armour
rPois   .            (no helmet)
rElec   .            (no cloak)
rCorr   .            (no gloves)
SInv    .            (no boots)
Will    .....        (no amulet)
Stlth   +            (no ring)
HPRegen 0.23/turn    (no ring)
MPRegen 0.08/turn

%: no passive effects
@: no status effects
A: no striking features
a: no special abilities


You were on level 1 of the Dungeon.
You visited 1 branch of the dungeon, and saw 1 of its levels.

Inventory:

Hand Weapons
 a - a +1 falchion (weapon)
Armour
 c - a +0 leather armour (worn)
Potions
 b - a potion of lignification


   Skills:
 + Level 3.1 Fighting
 + Level 1.0 Long Blades
 + Level 1.0 Throwing
 + Level 1.0 Dodging
 + Level 2.0 Spellcasting
 + Level 1.2 Invocations


You had 4 spell levels left.
You didn't know any spells.
Your spell library contained the following spells:

 Spells                   Type           Power      Damage    Failure   Level
 Shock                    Conj/Air       4%         1d3       36%         1
 Slow                     Hex            4%         N/A       36%         1
 Summon Small Mammal      Summ           4%         N/A       36%         1
 Sigil of Binding         Hex            1%         N/A       75%         3


Dungeon Overview and Level Annotations

Branches:
Dungeon (1/15)

Altars:


Message History

You barely miss the jackal. The jackal bites you.
The jackal bites you but does no damage.
The jackal closely misses you.
You barely miss the jackal.
The jackal is almost dead.
The jackal bites you but does no damage.
The jackal misses you. The jackal closely misses you. x2
The jackal bites you. x2
You hit the jackal.
The jackal is heavily wounded.
The jackal bites you but does no damage. x3
The jackal closely misses you. x3
You hit the jackal but do no damage.
The jackal is almost dead.
The jackal bites you. The jackal barely misses you.
The jackal completely misses you. The jackal misses you.
The jackal barely misses you.
You closely miss the jackal.
The jackal is heavily wounded.
The jackal barely misses you. x3; The jackal bites you.
* * * LOW HITPOINT WARNING * * *
Unknown command.
You slash the jackal!
You kill the jackal!
The jackal bites you but does no damage.
A jackal comes into view.
The jackal bites you.
* * * LOW HITPOINT WARNING * * *
The jackal barely misses you. The jackal closely misses you.
A ball python comes into view.
The jackal barely misses you. The jackal bites you.
* * * LOW HITPOINT WARNING * * *
You see here a jackal corpse.
The ball python hisses angrily.
You hit the jackal.
The jackal is almost dead.
The jackal bites you.
* * * LOW HITPOINT WARNING * * *
The jackal bites you.
You die...

###.. #.... #.#.#
#.#.############
#.#.##~~~○~~~÷~##
#.#.#~~~~~~~~~~~#
#...#~~~#~~~~#~~#
#.@.#~~~~~~~~~~~#
#hhh#~~~~°~○~~~~###
#.#.#############..
..S#..'....<....'..#
###.#.#############..
#.#.#~~°~~~~§÷~~###
#.#.#~~~~~÷~~~~~#
..#.#~~~#~°~~#~~#
#.#~~~~~~~~~~~#


You could see 3 jackals and a ball python.

Vanquished Creatures
  A jackal (D:1)
1 creature vanquished.

Notes
Turn   | Place    | Note
-------+----------+-------------------------------------------
     0 | D:1      | shadowstone the Demonspawn Wanderer began the quest for the
                  | Orb.
     0 | D:1      | shadowstone set off with the following items: a +1
                  | falchion, a potion of lignification, a +0 leather armour;
                  | and the following spells available to memorise: Shock,
                  | Slow, Summon Small Mammal, Sigil of Binding.
     0 | D:1      | Reached XP level 1. HP: 18/18 MP: 3/3
    39 | D:1      | Slain by a jackal

Illustrated notes

Levels and vault maps discovered:
D:1:      saegor_arrival_miasma, layout_basic, ebering_ecumenical_altar_hall,
          minivault_27, amcnicky_mini_rare_corridor_liquid

Action                     || total
---------------------------++-------
  Melee: Falchion          ||     9
 Armour: Leather armour    ||    23
  Dodge: Dodged            ||    22

Table legend: (Time is in decaauts)
 A = Elapsed time spent in this place.
 B = Non-inter-level travel time spent in this place.
 C = Inter-level travel time spent in this place.
 D = Time resting spent in this place.
 E = Time spent auto-exploring this place.
 F = Levels seen in this place.
 G = Mean time per level.
                   A        B        C        D        E       F      G
               +--------+--------+--------+--------+--------+-----+--------+
         Total |     40 |     40 |      0 |      0 |      0 |   1 |   40.0 |
       Dungeon |     40 |     40 |      0 |      0 |      0 |   1 |   40.0 |
               +--------+--------+--------+--------+--------+-----+--------+

Top non-repeatable levels by time:
     D:1: 40 daAuts
